TOP OF THE 1ST |
Grand Rapids HS Summit batting - Pitching for Brookline HS Warriors : RHP Clay Lyon
|
Pitching: RHP Clay Lyon
|
|
Batting: RHB Tyler Long
|
0-0: Ball 1-0: Ball 2-0: Called Strike 2-1: Called Strike 2-2: Ball 3-2: Base on Balls
|
Batting: RHB Brian Conway
|
0-0: Swinging Strike 0-1: Fly out, F9 (Flyball, 9S)
|
Batting: RHB Harry Wade
|
0-0: Called Strike 0-1: Ball 1-1: 2-RUN HOME RUN (Flyball, 7LD), Distance : 363 ft
|
Batting: RHB Bob Murdock
|
0-0: Ball 1-0: Ball 2-0: Ball 3-0: Called Strike 3-1: Base on Balls
|
Batting: RHB Jason Holland
|
0-0: Ball 1-0: Ball 2-0: Ball 3-0: Called Strike 3-1: Called Strike 3-2: SINGLE (Groundball, 56D) Bob Murdock to second
|
Batting: RHB Curt Welsh
|
0-0: Ball 1-0: Foul Ball, location: 2F 1-1: Ball 2-1: Ball 3-1: Foul Ball, location: 2F 3-2: Strikes out swinging
|
Batting: RHB Juan Cruz
|
0-0: Foul Ball, location: 2F 0-1: Ball 1-1: Called Strike 1-2: Ball 2-2: Foul Ball, location: 2F 2-2: Ball 3-2: Base on Balls Bob Murdock to third Jason Holland to second
|
Batting: RHB Alfredo González
|
0-0: Foul Ball, location: 2F 0-1: Foul Ball, location: 2F 0-2: Foul Ball, location: 2F 0-2: Ball 1-2: Strikes out swinging
|
Top of the 1st over - 2 runs, 2 hits, 0 errors, 3 left on base; Grand Rapids HS 2 - Brookline HS 0 |
BOTTOM OF THE 1ST |
Brookline HS Warriors batting - Pitching for Grand Rapids HS Summit : RHP Tom Maynard
|
Pitching: RHP Tom Maynard
|
|
Batting: RHB Gilbert Bentley
|
0-0: Ball 1-0: Swinging Strike 1-1: Foul Ball, location: 2F 1-2: Strikes out swinging
|
Batting: LHB Earnest Butler
|
0-0: Called Strike 0-1: Swinging Strike 0-2: Strikes out swinging
|
Batting: RHB Raúl Rivera
|
0-0: Ball 1-0: Called Strike 1-1: TRIPLE (Flyball, 9D)
|
Batting: RHB Michael Mossman
|
0-0: Ball 1-0: Swinging Strike 1-1: Ball 2-1: Foul Ball, location: 2F 2-2: Ball 3-2: Ground out 1-3 (Groundball, 13)
|
Bottom of the 1st over - 0 runs, 1 hit, 0 errors, 1 left on base; Grand Rapids HS 2 - Brookline HS 0 |
TOP OF THE 2ND |
Grand Rapids HS Summit batting - Pitching for Brookline HS Warriors : RHP Clay Lyon
|
Batting: RHB José González
|
0-0: Called Strike 0-1: Foul Ball, location: 2F 0-2: Foul Ball, location: 2F 0-2: Ball 1-2: Ball 2-2: Strikes out looking
|
Batting: RHB Tyler Long
|
0-0: Called Strike 0-1: Swinging Strike 0-2: Ball 1-2: Foul Ball, location: 2F 1-2: Ball 2-2: Foul Ball, location: 2F 2-2: Ball 3-2: Foul Ball, location: 2F 3-2: Foul Ball, location: 2F 3-2: Foul Ball, location: 2F 3-2: Ground out 1-3 (Groundball, P)
|
Batting: RHB Brian Conway
|
0-0: Ground out 4-3 (Groundball, 4)
|
Top of the 2nd over - 0 runs, 0 hits, 0 errors, 0 left on base; Grand Rapids HS 2 - Brookline HS 0 |
BOTTOM OF THE 2ND |
Brookline HS Warriors batting - Pitching for Grand Rapids HS Summit : RHP Tom Maynard
|
Batting: RHB Spike Lamb
|
0-0: Called Strike 0-1: Called Strike 0-2: Ball 1-2: SINGLE (Line Drive, 78S)
|
Batting: RHB Theron Lyon
|
0-0: Ball 1-0: Foul Ball, location: 2F 1-1: Swinging Strike 1-2: Foul Ball, location: 2F 1-2: Foul Ball, location: 2F 1-2: Ball 2-2: Fly out, F9 (Flyball, 89D)
|
Batting: LHB Rich Heath
|
0-0: 2-RUN HOME RUN (Flyball, 9LD), Distance : 370 ft
|
Batting: RHB León Colón
|
0-0: Called Strike 0-1: Ball 1-1: Called Strike 1-2: Strikes out swinging
|
Batting: RHB Cole Gray
|
0-0: Called Strike 0-1: Foul Ball, location: 2F 0-2: Strikes out swinging, 2-3 out at first.
|
Bottom of the 2nd over - 2 runs, 2 hits, 0 errors, 0 left on base; Grand Rapids HS 2 - Brookline HS 2 |
TOP OF THE 3RD |
Grand Rapids HS Summit batting - Pitching for Brookline HS Warriors : RHP Clay Lyon
|
Batting: RHB Harry Wade
|
0-0: Ball 1-0: Ball 2-0: Ball 3-0: Called Strike 3-1: Fly out, F8 (Flyball, 8RM)
|
Batting: RHB Bob Murdock
|
0-0: Fly out, F3 (Popup, 3DF)
|
Batting: RHB Jason Holland
|
0-0: Ball 1-0: Fly out, F3 (Popup, 3S)
|
Top of the 3rd over - 0 runs, 0 hits, 0 errors, 0 left on base; Grand Rapids HS 2 - Brookline HS 2 |
BOTTOM OF THE 3RD |
Brookline HS Warriors batting - Pitching for Grand Rapids HS Summit : RHP Tom Maynard
|
Batting: RHB Gilbert Bentley
|
0-0: Foul Ball, location: 2F 0-1: Ball 1-1: Foul Ball, location: 2F 1-2: Foul Ball, location: 2F 1-2: Foul Ball, location: 2F 1-2: Fly out, F6 (Popup, 6)
|
Batting: LHB Earnest Butler
|
0-0: Ball 1-0: Foul Ball, location: 2F 1-1: Ball 2-1: Ball 3-1: Called Strike 3-2: Strikes out looking
|
Batting: RHB Raúl Rivera
|
0-0: Ball 1-0: Ball 2-0: Called Strike 2-1: Foul Ball, location: 2F 2-2: DOUBLE (Line Drive, 89D)
|
Batting: RHB Michael Mossman
|
0-0: Foul Ball, location: 2F 0-1: Called Strike 0-2: Ball 1-2: Foul Ball, location: 2F 1-2: Foul Ball, location: 2F 1-2: Foul Ball, location: 2F 1-2: Ball 2-2: Ball 3-2: Foul Ball, location: 2F 3-2: Fly out, F6 (Popup, 6MS)
|
Bottom of the 3rd over - 0 runs, 1 hit, 0 errors, 1 left on base; Grand Rapids HS 2 - Brookline HS 2 |
TOP OF THE 4TH |
Grand Rapids HS Summit batting - Pitching for Brookline HS Warriors : RHP Clay Lyon
|
Batting: RHB Curt Welsh
|
0-0: Ball 1-0: Ball 2-0: Ball 3-0: Foul Ball, location: 2F 3-1: Foul Ball, location: 2F 3-2: Foul Ball, location: 2F 3-2: Strikes out looking
|
Batting: RHB Juan Cruz
|
0-0: Called Strike 0-1: Ball 1-1: Ball 2-1: Ground out 4-3 (Groundball, 34)
|
Batting: RHB Alfredo González
|
0-0: Called Strike 0-1: Called Strike 0-2: Ball 1-2: Strikes out looking
|
Top of the 4th over - 0 runs, 0 hits, 0 errors, 0 left on base; Grand Rapids HS 2 - Brookline HS 2 |
BOTTOM OF THE 4TH |
Brookline HS Warriors batting - Pitching for Grand Rapids HS Summit : RHP Tom Maynard
|
Batting: RHB Spike Lamb
|
0-0: Called Strike 0-1: Called Strike 0-2: Ball 1-2: Ball 2-2: Ball 3-2: Base on Balls
|
Batting: RHB Theron Lyon
|
0-0: Ball 1-0: Swinging Strike 1-1: Ball 2-1: Fly out, F6 (Line Drive, 6MD)
|
Batting: LHB Rich Heath
|
0-0: Ball 1-0: Called Strike 1-1: Foul Ball, location: 2F 1-2: SINGLE (Groundball, 34D) Spike Lamb to second Runner from 2nd tries for 3rd, SAFE, no throw
|
Batting: RHB León Colón
|
0-0: Foul Ball, location: 2F 0-1: Ball 1-1: Foul Ball, location: 2F 1-2: Foul Ball, location: 2F 1-2: Ball 2-2: Ball 3-2: Foul Ball, location: 2F 3-2: Foul Ball, location: 2F 3-2: SINGLE (Groundball, 4MD) Spike Lamb scores Rich Heath to second
|
Pitching: RHP John Willis
|
|
Batting: RHB Cole Gray
|
0-0: Called Strike Rich Heath is caught stealing 3rd base León Colón to second 0-1: Ball 1-1: Ball 2-1: Foul Ball, location: 2F 2-2: Foul Ball, location: 2F 2-2: Ball 3-2: Strikes out swinging
|
Bottom of the 4th over - 1 run, 2 hits, 0 errors, 1 left on base; Grand Rapids HS 2 - Brookline HS 3 |
TOP OF THE 5TH |
Grand Rapids HS Summit batting - Pitching for Brookline HS Warriors : RHP Clay Lyon
|
Pitching: LHP Edgardo Sánchez
|
|
Batting: RHB José González
|
0-0: Ball 1-0: Swinging Strike 1-1: Fly out, F3 (Popup, 3SF)
|
Batting: RHB Tyler Long
|
0-0: Ball 1-0: Ball 2-0: Swinging Strike 2-1: Fly out, F6 (Popup, 6D)
|
Batting: RHB Brian Conway
|
0-0: DOUBLE (Line Drive, 9LM)
|
Batting: RHB Harry Wade
|
0-0: Ball 1-0: Ball 2-0: Swinging Strike 2-1: Foul Ball, location: 2F 2-2: Strikes out swinging
|
Top of the 5th over - 0 runs, 1 hit, 0 errors, 1 left on base; Grand Rapids HS 2 - Brookline HS 3 |
BOTTOM OF THE 5TH |
Brookline HS Warriors batting - Pitching for Grand Rapids HS Summit : RHP John Willis
|
Batting: RHB Gilbert Bentley
|
0-0: Ball 1-0: Called Strike 1-1: Foul Ball, location: 2F 1-2: Ball 2-2: Ball 3-2: Reached on error, E3 (Groundball, 3S)
|
Batting: LHB Earnest Butler
|
0-0: Ball 1-0: Ball Gilbert Bentley steals 2nd base 2-0: Ball Wild Pitch! Gilbert Bentley to third 3-0: Base on Balls
|
Batting: RHB Raúl Rivera
|
0-0: Ball 1-0: Called Strike 1-1: Fly out, F9 (Flyball, 89M) Runner from 3rd tags up, SCORES, throw made
|
Batting: RHB Michael Mossman
|
0-0: Ball 1-0: Foul Ball, location: 2F 1-1: Called Strike 1-2: Ball 2-2: Grounds into double play, 6-4-3 (Groundball, 6)
|
Bottom of the 5th over - 1 run, 0 hits, 1 error, 0 left on base; Grand Rapids HS 2 - Brookline HS 4 |
TOP OF THE 6TH |
Grand Rapids HS Summit batting - Pitching for Brookline HS Warriors : LHP Edgardo Sánchez
|
Batting: RHB Bob Murdock
|
0-0: Foul Ball, location: 2F 0-1: Ball 1-1: Ball 2-1: Swinging Strike 2-2: Strikes out looking
|
Batting: RHB Jason Holland
|
0-0: Ball 1-0: Ball 2-0: Called Strike 2-1: Called Strike 2-2: Foul Ball, location: 2F 2-2: Ball 3-2: SOLO HOME RUN (Flyball, 7LD), Distance : 356 ft
|
Batting: RHB Curt Welsh
|
0-0: Called Strike 0-1: Called Strike 0-2: Ball 1-2: Strikes out swinging
|
Batting: RHB Juan Cruz
|
0-0: Ball 1-0: Foul Ball, location: 2F 1-1: Called Strike 1-2: Ball 2-2: Strikes out swinging
|
Top of the 6th over - 1 run, 1 hit, 0 errors, 0 left on base; Grand Rapids HS 3 - Brookline HS 4 |
BOTTOM OF THE 6TH |
Brookline HS Warriors batting - Pitching for Grand Rapids HS Summit : RHP John Willis
|
Batting: RHB Spike Lamb
|
0-0: Ball 1-0: Ball 2-0: Called Strike 2-1: Foul Ball, location: 2F 2-2: Ball 3-2: Base on Balls
|
Batting: RHB Theron Lyon
|
0-0: Ball 1-0: Called Strike 1-1: Ball 2-1: Foul Ball, location: 2F 2-2: Grounds into double play, 6-4-3 (Groundball, 6)
|
Batting: LHB Rich Heath
|
0-0: Foul Ball, location: 2F 0-1: Ball 1-1: Foul Ball, location: 2F 1-2: Ball 2-2: Ball 3-2: Foul Ball, location: 2F 3-2: Foul Ball, location: 2F 3-2: Foul Ball, location: 2F 3-2: Base on Balls
|
Batting: RHB León Colón
|
0-0: Called Strike 0-1: Ball 1-1: Called Strike Pickoff Throw by Catcher to First - Error! E2 Rich Heath to second 1-2: Ball 2-2: Ball 3-2: Ground out 5-3 (Groundball, 5S)
|
Bottom of the 6th over - 0 runs, 0 hits, 1 error, 1 left on base; Grand Rapids HS 3 - Brookline HS 4 |
TOP OF THE 7TH |
Grand Rapids HS Summit batting - Pitching for Brookline HS Warriors : LHP Edgardo Sánchez
|
Batting: RHB Alfredo González
|
0-0: Ball 1-0: Foul Ball, location: 2F 1-1: Ball 2-1: Swinging Strike 2-2: Foul Ball, location: 2F 2-2: Ball 3-2: Strikes out swinging
|
Batting: RHB José González
|
0-0: Swinging Strike 0-1: Ball 1-1: Foul Ball, location: 2F 1-2: SINGLE (Groundball, 56) (infield hit)
|
Batting: RHB Tyler Long
|
0-0: Called Strike 0-1: Ball 1-1: DOUBLE (Line Drive, 89D) José González to third
|
Pitching: RHP Max Brewer
|
|
Batting: RHB Brian Conway
|
0-0: Ball 1-0: Swinging Strike 1-1: Hit by Pitch
|
Batting: RHB Harry Wade
|
0-0: Ball 1-0: Foul Ball, location: 2F 1-1: Ball 2-1: Foul Ball, location: 2F 2-2: GRAND SLAM HOME RUN (Flyball, 7LD), Distance : 348 ft
|
Pitching: LHP Stan Dwyer
|
|
Batting: RHB Bob Murdock
|
0-0: Foul Ball, location: 2F 0-1: Ball 1-1: Swinging Strike 1-2: Foul Ball, location: 2F 1-2: Ball 2-2: Fly out, F2 (Popup, 23F)
|
Batting: RHB Jason Holland
|
0-0: Ball 1-0: Called Strike 1-1: Ball 2-1: SOLO HOME RUN (Flyball, 7D), Distance : 406 ft
|
Batting: RHB Curt Welsh
|
0-0: Called Strike 0-1: Foul Ball, location: 2F 0-2: Foul Ball, location: 2F 0-2: Ball 1-2: Strikes out swinging, 2-3 out at first.
|
Top of the 7th over - 5 runs, 4 hits, 0 errors, 0 left on base; Grand Rapids HS 8 - Brookline HS 4 |
BOTTOM OF THE 7TH |
Brookline HS Warriors batting - Pitching for Grand Rapids HS Summit : RHP John Willis
|
Batting: RHB Cole Gray
|
0-0: Ball 1-0: Fly out, F8 (Flyball, 8LD)
|
Batting: RHB Gilbert Bentley
|
0-0: Called Strike 0-1: Ball 1-1: Ball 2-1: Ball 3-1: Called Strike 3-2: Base on Balls
|
Batting: LHB Earnest Butler
|
0-0: Ball 1-0: Foul Ball, location: 2F 1-1: Ball 2-1: Ball 3-1: Called Strike 3-2: Base on Balls Gilbert Bentley to second
|
Pitching: RHP Thomas Parker
|
|
Batting: RHB Raúl Rivera
|
0-0: Swinging Strike 0-1: Called Strike Earnest Butler steals 2nd base Gilbert Bentley to third 0-2: Ball 1-2: Foul Ball, location: 2F 1-2: Strikes out swinging
|
Pitching: RHP Tim Garrett
|
|
Batting: RHB Michael Mossman
|
0-0: Swinging Strike 0-1: Foul Ball, location: 2F 0-2: Ball 1-2: Ball 2-2: Foul Ball, location: 2F 2-2: Ground out 4-3 (Groundball, 4M)
|
Bottom of the 7th over - 0 runs, 0 hits, 0 errors, 2 left on base; Grand Rapids HS 8 - Brookline HS 4 |
TOP OF THE 8TH |
Grand Rapids HS Summit batting - Pitching for Brookline HS Warriors : LHP Stan Dwyer
|
Batting: RHB Juan Cruz
|
0-0: Called Strike 0-1: Ball 1-1: DOUBLE (Flyball, 8LXD)
|
Batting: RHB Alfredo González
|
0-0: Intentional Walk
|
Batting: RHB José González
|
0-0: Called Strike 0-1: Sac Bunt - play at first, batter OUT! 5-3 Juan Cruz to third Alfredo González to second
|
Batting: RHB Tyler Long
|
0-0: Intentional Walk
|
Batting: RHB Brian Conway
|
0-0: Grounds into fielders choice 4-2 (Groundball, 4MS) Alfredo González to third Tyler Long to second
|
Batting: RHB Harry Wade
|
0-0: Ball 1-0: Fielders Choice at 2nd, 6-4 (Groundball, 6)
|
Top of the 8th over - 0 runs, 1 hit, 0 errors, 3 left on base; Grand Rapids HS 8 - Brookline HS 4 |
BOTTOM OF THE 8TH |
Brookline HS Warriors batting - Pitching for Grand Rapids HS Summit : RHP Tim Garrett
|
Batting: RHB Spike Lamb
|
0-0: Ball 1-0: Ball 2-0: Called Strike 2-1: Ball 3-1: Base on Balls
|
Batting: RHB Theron Lyon
|
0-0: Called Strike 0-1: Swinging Strike 0-2: Strikes out swinging
|
Pitching: RHP Robert Turner
|
|
Batting: LHB Rich Heath
|
0-0: Ball 1-0: Ball 2-0: Called Strike 2-1: Ball 3-1: Fly out, F5 (Popup, 56S)
|
Batting: RHB León Colón
|
0-0: Ball 1-0: Foul Ball, location: 2F 1-1: TRIPLE (Flyball, 89XD) Spike Lamb scores
|
Pitching: RHP Marvin Harrison
|
|
Batting: RHB Cole Gray
|
0-0: Called Strike 0-1: Ball 1-1: Called Strike 1-2: Ball 2-2: Strikes out swinging
|
Bottom of the 8th over - 1 run, 1 hit, 0 errors, 1 left on base; Grand Rapids HS 8 - Brookline HS 5 |
TOP OF THE 9TH |
Grand Rapids HS Summit batting - Pitching for Brookline HS Warriors : LHP Stan Dwyer
|
Batting: RHB Bob Murdock
|
0-0: Called Strike 0-1: Swinging Strike 0-2: Strikes out swinging
|
Batting: RHB Jason Holland
|
0-0: Ball 1-0: Called Strike 1-1: Ball 2-1: Ball 3-1: Base on Balls
|
Batting: RHB Curt Welsh
|
0-0: Ball 1-0: Foul Ball, location: 2F 1-1: Called Strike 1-2: Foul Ball, location: 2F 1-2: SINGLE (Groundball, 56D) Jason Holland to second
|
Batting: RHB Juan Cruz
|
0-0: Ball 1-0: Ball 2-0: Swinging Strike 2-1: Foul Ball, location: 2F 2-2: Strikes out swinging
|
Batting: RHB Alfredo González
|
0-0: Ball 1-0: Fielders Choice at 2nd, 6-4 (Groundball, 6)
|
Top of the 9th over - 0 runs, 1 hit, 0 errors, 2 left on base; Grand Rapids HS 8 - Brookline HS 5 |
BOTTOM OF THE 9TH |
Brookline HS Warriors batting - Pitching for Grand Rapids HS Summit : RHP Marvin Harrison
|
Batting: RHB Gilbert Bentley
|
0-0: Ball 1-0: Ball 2-0: Foul Ball, location: 2F 2-1: Fly out, F7 (Flyball, 7LDF)
|
Batting: LHB Earnest Butler
|
0-0: Ground out 4-3 (Groundball, 34)
|
Batting: RHB Raúl Rivera
|
0-0: Foul Ball, location: 2F 0-1: Swinging Strike 0-2: Ball 1-2: Ball 2-2: Foul Ball, location: 2F 2-2: Foul Ball, location: 2F 2-2: Ground out U3 (Groundball, 3)
|
Bottom of the 9th over - 0 runs, 0 hits, 0 errors, 0 left on base; Grand Rapids HS 8 - Brookline HS 5 |
|